 Dungeon Crawl Stone Soup version 0.21.1-1-g345015f (webtiles) character file.

173 Stormphoenix the Ruffian (level 5, 0/50 HPs)
             Began as a Troll Monk on June 19, 2018.
             Was a Believer of Ashenzari.
             Slain by a gnoll (6 damage)
             ... on level 3 of the Dungeon.
             The game lasted 00:04:20 (1554 turns).

Stormphoenix the Ruffian (Troll Monk)               Turns: 1554, Time: 00:04:21

Health: 0/50       AC:  5    Str: 20    XL:     5   Next: 28%
Magic:  4/4        EV:  7    Int:  6    God:    Ashenzari [**....]
Gold:   58         SH:  0    Dex: 12    Spells: 4/4 levels left

rFire    . . .     SeeInvis .     - Unarmed
rCold    . . .     Gourm    +   (no shield)
rNeg     . . .     Faith    .   a - +0 robe
rPois    .         Spirit   .   (helmet restricted)
rElec    .         Reflect  .   (no cloak)
rCorr    .         Harm     .   (gloves unavailable)
MR       .....                  (boots unavailable)
Stlth    ++........             (no amulet)
HPRegen  0.56/turn              h - -3 ring of evasion (curse)
MPRegen  0.09/turn              (no ring)

@: no status effects
A: large, unfitting armour, claws 3, fast metabolism 3, gourmand, regeneration
1, shaggy fur 1, tough skin 2
a: Curse Item, Scrying, Renounce Religion


You were on level 3 of the Dungeon.
You worshipped Ashenzari.
Ashenzari was pleased with you.
You were not hungry.

You visited 1 branch of the dungeon, and saw 3 of its levels.

You collected 58 gold pieces.

Inventory:

Armour
 a - a +0 robe (worn)
Jewellery
 h - a cursed -3 ring of evasion (left claw)
Scrolls
 k - a scroll of remove curse
 o - a scroll of identify
Potions
 c - 2 potions of curing
 d - 2 potions of agility
 e - 2 potions of invisibility {unknown}
 f - a potion of cancellation {unknown}
 g - a potion of lignification {unknown}
 i - a potion of haste {unknown}
 j - a potion of mutation {unknown}
 l - a potion of brilliance {unknown}
 m - 2 potions of flight {unknown}
 n - a potion of ambrosia {unknown}
Comestibles
 b - 9 rations


   Skills:
 - Level 2.4 Fighting
 - Level 2.4 Dodging
 - Level 1.0 Stealth
 + Level 6.0 Unarmed Combat


You had 4 spell levels left.
You didn't know any spells.

Dungeon Overview and Level Annotations

Branches:
Dungeon (3/15)

Altars:
Ashenzari
Nemelex Xobeh


Innate Abilities, Weirdness & Mutations

You are too large for most types of armour.
You have claws for hands.
Your metabolism is lightning-fast.
You like to eat raw meat.
Your natural rate of healing is unusually fast.
You are covered in fur. (AC +1)
You have very tough skin. (AC +2)


Message History

* * * LOW HITPOINT WARNING * * *
A gnoll comes into view. It is wielding a halberd.
The gnoll barely misses you. The gnoll closely misses you.
Found a scroll of random uselessness.
Things that are here:
an uncursed club; a hobgoblin corpse You mangle the gnoll!!
You kill the gnoll!
The gnoll hits you from afar with a halberd.
* * * LOW HITPOINT WARNING * * *
The gnoll hits you but does no damage. The gnoll barely misses you.
The gnoll hits you with a halberd.
* * * LOW HITPOINT WARNING * * *
The gnoll closely misses you.
Things that are here:
an uncursed spear; an uncursed ring mail You scratch the gnoll.
The gnoll is lightly wounded.
The gnoll hits you.
You die...

* * ,?.###
....., * ,
#.#.., , *, #
#.#.# ### *
#.#.#.#,,..#
##.#.#.####.#
#..gg#......#
#..g@)..##..#
#...##.)....#
#... #.###.##
###. #.....#
#....#####
######


You could see 3 gnolls.

Vanquished Creatures
  The ghost of Arttaaz the Ruffian, an amateur DrTm (D:3)
  3 adders
  A gnoll (D:3)
  2 oozes
  A worm (D:3)
  A dart slug (D:1)
  3 giant cockroaches (D:3)
  4 goblins
  6 hobgoblins
  9 kobolds
  2 quokkas (D:2)
  3 bats
  2 frilled lizards (D:1)
  8 rats
46 creatures vanquished.

Notes
Turn   | Place    | Note
-------+----------+-------------------------------------------
     0 | D:1      | Stormphoenix the Troll Monk began the quest for the Orb.
     0 | D:1      | Reached XP level 1. HP: 22/22 MP: 0/0
   109 | D:1      | Reached XP level 2. HP: 29/29 MP: 1/1
   271 | D:1      | Reached skill level 4 in Unarmed Combat
   473 | D:2      | Reached XP level 3. HP: 26/36 MP: 2/2
   683 | D:2      | Found a shattered altar of Ashenzari.
   691 | D:2      | Became a worshipper of Ashenzari the Shackled
   691 | D:2      | Reached * piety under Ashenzari
   691 | D:2      | Reached ** piety under Ashenzari
  1194 | D:3      | Found a sparkling altar of Nemelex Xobeh.
  1284 | D:3      | Reached skill level 5 in Unarmed Combat
  1284 | D:3      | Reached XP level 4. HP: 44/44 MP: 3/3
  1539 | D:3      | Noticed Arttaaz's ghost (amateur DrTm)
  1550 | D:3      | Killed Arttaaz's ghost
  1550 | D:3      | Reached skill level 6 in Unarmed Combat
  1550 | D:3      | Reached XP level 5. HP: 13/50 MP: 4/4
  1554 | D:3      | Slain by a gnoll

Skill      XL: |  1  2  3  4 |
---------------+-------------+-----
Unarmed Combat | 4 5 6 |  6.0
Fighting       | |  2.4
Dodging        | |  2.4
Stealth        | |  1.0

Action                   |  1- 3 |  4- 6 || total
-------------------------+-------+-------++-------
Melee: Unarmed           |   103 |    20 ||   123
       Punch             |     2 |       ||     2
  Use: Scroll            |     6 |       ||     6
       Potion            |     1 |       ||     1
 Stab: Sleeping          |     2 |       ||     2
  Eat: Chunk             |    12 |       ||    12
Armor: Robe              |    41 |     2 ||    43
Dodge: Dodged            |    42 |     6 ||    48
